 Dungeon Crawl Stone Soup version 0.27.1-1-g398f81649c (webtiles) character file.

Game seed: 3114896755273251452

21 MisterFreud the Fighter (level 2, 0/36 HPs)
             Began as a Gnoll Wanderer on Sept 21, 2021.
             Slain by Sigmund (13 damage)
             ... on level 2 of the Dungeon.
             The game lasted 00:01:39 (921 turns).

MisterFreud the Fighter (Gnoll Wanderer)             Turns: 921, Time: 00:01:40

Health: 0/36       AC:  2    Str: 11    XL:     2   Next: 83%
Magic:  2/2        EV: 11    Int: 10    God:
Gold:   35         SH:  0    Dex: 12    Spells: 2/2 levels left

rFire    . . .     SeeInvis .   a - +2 quarterstaff
rCold    . . .     Faith    .   (shield currently unavailable)
rNeg     . . .     Spirit   .   d - +0 robe
rPois    .         Reflect  .   (no helmet)
rElec    .         Harm     .   (no cloak)
rCorr    .         Rampage  .   (no gloves)
Will     .....                  (no boots)
Stlth    +.........             (no amulet)
HPRegen  0.12/turn              (no ring)
MPRegen  0.08/turn              (no ring)

@: confused
A: fangs 1, strong nose, distributed training
a: no special abilities


You were on level 2 of the Dungeon.
You visited 1 branch of the dungeon, and saw 2 of its levels.

You collected 51 gold pieces.
You spent 16 gold pieces at shops.

Inventory:

Hand Weapons
 a - a +2 quarterstaff (weapon)
 b - a +0 hand axe
Armour
 d - a +0 robe (worn)
Scrolls
 g - 2 scrolls of identify {unknown}
 h - a scroll of blinking {unknown}
 i - a scroll of brand weapon {unknown}
Potions
 c - 2 potions of curing
 e - a potion of degeneration {unknown}
 f - a potion of resistance {unknown}


   Skills:
 + Level 10.3 Fighting
 + Level 0.5 Short Blades
 + Level 0.5 Long Blades
 + Level 0.5 Axes
 + Level 0.5 Maces & Flails
 + Level 0.5 Polearms
 + Level 2.5 Staves
 + Level 0.5 Slings
 + Level 0.5 Bows
 + Level 0.5 Crossbows
 + Level 2.5 Throwing
 + Level 4.5 Armour
 + Level 0.5 Dodging
 + Level 0.5 Stealth
 + Level 0.5 Shields
 + Level 0.5 Unarmed Combat
 + Level 0.5 Spellcasting
 + Level 0.3 Conjurations
 + Level 0.3 Hexes
 + Level 0.3 Summonings
 + Level 0.3 Necromancy
 + Level 0.3 Translocations
 + Level 0.3 Transmutations
 + Level 0.3 Fire Magic
 + Level 0.3 Ice Magic
 + Level 0.3 Air Magic
 + Level 0.3 Earth Magic
 + Level 0.3 Poison Magic
 + Level 0.6 Invocations
 + Level 2.5 Evocations


You had 2 spell levels left.
You didn't know any spells.
Your spell library contained the following spells:

 Spells                   Type           Power      Damage    Failure   Level
 Beastly Appendage        Tmut           0%         N/A       32%         1
 Wereblood                Tmut           0%         N/A       43%         2
 Spider Form              Tmut/Pois      0%         N/A       67%         3


Dungeon Overview and Level Annotations

Branches:
Dungeon (2/15)

Altars:

Shops:
D:1 :*?

Annotations:
D:2 Sigmund


Innate Abilities, Weirdness & Mutations

You have very sharp teeth.
Your uncanny sense of smell can sniff out nearby items.
Your experience applies equally to all skills.


Message History

A goblin comes into view. It is wielding a +0 dagger.
The goblin closely misses you.
A goblin is nearby!
You miss the goblin. The goblin barely misses you. x2
A goblin is nearby!
You sock the goblin!
You kill the goblin!
No target in view!
Things that are here:
a +0 dagger; a goblin corpse No target in view!
Things that are here:
a +0 dagger; a goblin corpse Sigmund the Dreaded comes into view.
He is wielding a +0 scythe.
Sigmund shouts!
Sigmund hits you from afar with a +0 scythe.
Sigmund is nearby!
You hit Sigmund.
Sigmund is lightly wounded.
Sigmund hits you with a +0 scythe!
Sigmund is nearby!
You hit Sigmund but do no damage. You bite Sigmund, but do no damage.
Sigmund is lightly wounded.
Sigmund completely misses you.
You completely miss Sigmund.
Sigmund is lightly wounded.
Sigmund hits you with a +0 scythe!
Unknown command.
Unknown command.
Unknown command.
Sigmund mumbles some strange words.
Sigmund flickers and vanishes!
Deactivating autopickup; reactivate with Ctrl-A.
You are confused.
You're too confused to move!
You bump into the rock wall.
You bump into the rock wall.
Unknown command.
You bump into the rock wall.
Something hits you!
You die...

#...#......# #.#...##.#.###
.# #...#.#......# ###.
#######.#.#......# #..
......#.#........####.##
####..#.##.......##....##
####†##.##.......##.....#
........##...<...##.....##.#
....######.###.#@##........#
...............#..{..#######
....####..#.########....#
....# #.............##.#
##### #....########.##.#
###### ####)##.# #....##.#
#.#####.. #.# ###


There were no monsters in sight!

Vanquished Creatures
  2 endoplasms
  A giant cockroach (D:1)
  2 hobgoblins (D:1)
  2 kobolds (D:1)
  A quokka (D:1)
  3 ball pythons
  2 bats
  2 frilled lizards (D:1)
  3 goblins
  A rat (D:1)
19 creatures vanquished.

Notes
Turn   | Place    | Note
-------+----------+-------------------------------------------
     0 | D:1      | Reached skill level 10 in Fighting
     0 | D:1      | MisterFreud the Gnoll Wanderer began the quest for the Orb.
     0 | D:1      | MisterFreud set off with the following items: a +2
                  | quarterstaff, a +0 hand axe, a potion of curing, a +0 robe
     0 | D:1      | Reached XP level 1. HP: 28/28 MP: 1/1
   225 | D:1      | Reached XP level 2. HP: 34/36 MP: 2/2
   242 | D:1      | Found a faded altar of an unknown god.
   330 | D:1      | Found Ymmunolawn's Assorted Antiques.
   338 | D:1      | Bought a green potion for 16 gold pieces
   345 | D:1      | Found Zusmam's Book Shop.
   563 | D:1      | Found Mimnysud's Magic Scroll Shoppe.
   908 | D:2      | Noticed Sigmund
   921 | D:2      | Slain by Sigmund

Illustrated notes

Levels and vault maps discovered:
D:1:      dpeg_chamrin_arrival_tetris, layout_basic,
          hellmonk_ecumenical_altar_blasted, serial_shops, shop,
          nicolae_shop_stone, nicolae_shop_trees, chequers_garden
D:2:      layout_basic, grunt_ministairs_11, uniq_sigmund

Skill      XL: | |
---------------+-+-----
Fighting       | | 10.3
Short Blades   | |  0.5
Long Blades    | |  0.5
Axes           | |  0.5
Maces & Flails | |  0.5
Polearms       | |  0.5
Staves         | |  2.5
Slings         | |  0.5
Bows           | |  0.5
Crossbows      | |  0.5
Throwing       | |  2.5
Armour         | |  4.5
Dodging        | |  0.5
Stealth        | |  0.5
Shields        | |  0.5
Unarmed Combat | |  0.5
Spellcasting   | |  0.5
Conjurations   | |  0.3
Hexes          | |  0.3
Summonings     | |  0.3
Necromancy     | |  0.3
Translocations | |  0.3
Transmutations | |  0.3
Fire Magic     | |  0.3
Ice Magic      | |  0.3
Air Magic      | |  0.3
Earth Magic    | |  0.3
Poison Magic   | |  0.3
Invocations    | |  0.6
Evocations     | |  2.5

Action                   || total
-------------------------++-------
Melee: Quarterstaff      ||    45
       Bite              ||     1
 Stab: Sleeping          ||     1
Armor: Robe              ||    13
Dodge: Dodged            ||    39
